 Dungeon Crawl Stone Soup version 0.27.1-33-g824d729ab1 (webtiles) character file.

Game seed: 9663169775321384984

9523 belegose the Covert (level 11, -7/95 HPs)
             Began as a Ghoul Brigand on Dec 10, 2021.
             Was an Elder of Wu Jian.
             Mangled by an orc knight (20 damage)
             ... in a bailey.
             The game lasted 00:41:16 (15218 turns).

belegose the Covert (Ghoul Brigand)                Turns: 15218, Time: 00:41:17

Health: -7/95      AC:  6    Str: 16    XL:     11   Next: 47%
Magic:  10/10      EV: 18    Int:  7    God:    Wu Jian [****..]
Gold:   633        SH:  5    Dex: 14    Spells: 10/10 levels left

rFire    + . .     SeeInvis .   a - +9 rapier of the Realm of Zot {speed, rF+ Dex+2}
rCold    + + .     Faith    .   P - +0 buckler
rNeg     + + +     Spirit   .   D - +0 troll leather armour
rPois    ∞         Reflect  .   (no helmet)
rElec    .         Harm     .   c - +0 cloak
rCorr    .         Rampage  .   s - +0 pair of gloves
Will     .....                  (no boots)
Stlth    ++++......             q - amulet of magic regeneration
HPRegen  0.00/turn              r - +4 ring of evasion
MPRegen  0.37/turn              Q - ring of protection from cold

@: inhibited regen
A: claws 1, cold resistance 1, negative energy resistance 3, inhibited
regeneration, torment resistance 2
a: Renounce Religion, Wall Jump, Serpent's Lash


You were in a bailey.
You worshipped Wu Jian.
Wu Jian was greatly pleased with you.
You visited 2 branches of the dungeon, and saw 12 of its levels.
You also visited: Bailey.

You collected 804 gold pieces.
You spent 171 gold pieces at shops.

Inventory:

Hand Weapons
 a - the +9 rapier of the Realm of Zot (weapon) {speed, rF+ Dex+2}
   (You bought it in a shop on level 7 of the Dungeon)

   Attacks with this weapon are significantly faster.
   Dex:       It affects your dexterity (+2).
   rF:        It protects you from fire.
 b - a +3 antimagic dagger
 O - a +0 rapier of venom
Missiles
 i - 348 stones
 m - 80 poisoned darts (quivered)
 o - 2 curare-tipped darts
 w - 2 throwing nets
 I - 8 atropa-tipped darts
 T - 52 boomerangs
Armour
 c - a +0 cloak (worn)
 s - a +0 pair of gloves (worn)
 D - a +0 troll leather armour (worn)
 E - the +4 skin of Zhor {*Englaciate rC+++ SInv}
   (You found it on level 6 of the Dungeon)

   It radiates cold, occasionally slowing all nearby creatures who are not
   resistant to cold.
   rC:        It renders you almost immune to cold.
   SInv:      It lets you see invisible.
 J - +0 acid dragon scales
 P - a +0 buckler (worn)
 R - a scarf of resistance
Jewellery
 q - an amulet of magic regeneration (around neck)
 r - a +4 ring of evasion (left hand)
 Q - a ring of protection from cold (right hand)
 S - a ring of fire
Wands
 y - a wand of digging (5)
 A - a wand of flame (36)
 K - a wand of paralysis (5)
 L - a wand of iceblast (11)
 M - a wand of mindburst (14)
 N - a wand of charming (9)
Scrolls
 d - a scroll of acquirement {unknown}
 h - 3 scrolls of magic mapping {unknown}
 j - 5 scrolls of teleportation
 l - a scroll of fog {unknown}
 n - a scroll of torment {unknown}
 p - 3 scrolls of fear
 x - a scroll of enchant armour
 F - a scroll of holy word {unknown}
 G - 2 scrolls of brand weapon {unknown}
 H - 3 scrolls of identify
Potions
 e - a potion of magic
 f - a potion of ambrosia {unknown}
 g - 2 potions of resistance
 k - 3 potions of lignification {unknown}
 t - 2 potions of flight
 u - a potion of attraction
 v - 3 potions of haste
 z - 5 potions of curing
 B - 2 potions of heal wounds
 C - 2 potions of might


   Skills:
 + Level 8.3 Fighting
 + Level 6.9 Short Blades
 - Level 6.6 Throwing
 - Level 3.0 Armour
 + Level 5.8 Dodging
 + Level 9.8 Stealth
 - Level 4.0 Shields
 + Level 4.8 Evocations


You had 10 spell levels left.
You didn't know any spells.
Your spell library was empty.

Dungeon Overview and Level Annotations

Branches:
Dungeon (11/15)            Temple (1/1) D:5            Lair (0/6) D:10
 Bailey (1/1)
    Orc: D:9-12

Altars:
Ashenzari
Dithmenos
Hepliaklqana
Nemelex Xobeh
Okawaru
Qazlal
Sif Muna
Uskayaw
Wu Jian
Yredelemnul
Zin

Shops:
D:5 *   D:7 (

Annotations:
D:5 1 runed translucent door, pkoi's ghost, novice DrGl


Innate Abilities, Weirdness & Mutations

You thrive by killing the living.
You are immune to poison.
You have sharp fingernails.
Your flesh is cold resistant. (rC+)
You are immune to negative energy. (rN+++)
You do not regenerate when monsters are visible.
You are immune to unholy pain and torment.


Message History

The orc knight hits you from afar with a +0 halberd!!
* * * LOW HITPOINT WARNING * * *
Unknown command.
Unknown command.
There is an open door here.
Things that are here:
a +2 halberd of electrocution; a gnoll corpse
There is an open door here.
There is an open door here.
Aiming: Paralyse
Press: ? - help, Shift-Dir - straight line, f/p - orc knight
Aim: an orc knight, wielding a +0 halberd and wearing a +0 plate armour (heavily wounded, poisoned, chance to affect: 42%)
Okay, then.
Okay, then.
Okay, then.
Throw: 80 darts (poison)
Press: ? - help, Q - select action, (/) - cycle Shift-Dir - straight line, f/p - orc knight
Aim: an orc knight, wielding a +0 halberd and wearing a +0 plate armour (heavily wounded, poisoned, 66% to hit)
Okay, then.
Aiming: Iceblast
Press: ? - help, Shift-Dir - straight line, f/p - orc knight
Aim: an orc knight, wielding a +0 halberd and wearing a +0 plate armour (heavily wounded, poisoned)
The mass of ice explodes!
The iceblast engulfs the orc knight!
The orc knight is severely wounded.
The iceblast engulfs the gnoll!
The gnoll is severely wounded.
You hear a shout!
The orc knight barely misses you.
Unknown command.
Unknown command.
Aiming: Iceblast
Press: ? - help, Shift-Dir - straight line, f/p - orc knight
Aim: an orc knight, wielding a +0 halberd and wearing a +0 plate armour (severely wounded, poisoned)
The mass of ice explodes!
The iceblast engulfs the orc knight.
The orc knight is almost dead.
The iceblast engulfs the gnoll!
You kill the gnoll!
The Council accepts your kill.
The orc knight hits you from afar with a +0 halberd!!
You die...

## ### ##### ### ##
#.# #.###)')###.###∩
#'##'##'###'##'##'#
#....†## ##...††##
###.....#####.....##
#.'..⌠..'.#.'..∩..'.
###†....#####.....##
##@....## ##!....#
##'##'##'###'##'##'#
#o###.###.#)###.# #.
#)# ### ##### ### #
#)###.# #.#g# .# #.
##'##'##'# #g##'##'#
##)....# #o.g..#
###.K...### .....##
#.'..⌠..'.# ..⌠..'.


You could see an orc knight (poisoned).

Vanquished Creatures
  A boulder beetle (D:10)
  A two-headed ogre (D:10)
  Pikel (D:8)
  A cyclops (D:11)
  Maurice (D:8)
  Joseph (D:8)
  Maggie (D:7)
  Psyche (D:8)
  A komodo dragon (D:8)
  2 trolls
  3 hornets
  Sigmund (D:2)
  2 shadows
  A steam dragon (D:10)
  An acid dragon (D:8)
  2 water moccasins (D:7)
  Duvessa (D:6)
  5 orc warriors
  2 black bears (D:6)
  An ice beast (D:6)
  A centaur (D:11)
  A necrophage (D:4)
  2 ogres
  2 lemures (D:8)
  6 kobold brigands
  2 bullfrogs
  2 gnoll sergeants
  2 scorpions (D:10)
  Dowan (D:6)
  4 killer bees (D:10)
  5 wights (D:9)
  5 howler monkeys
  A bullfrog zombie (D:5)
  A centaur zombie (D:5)
  A centaur skeleton (D:5)
  A bullfrog skeleton (D:7)
  A gnoll shaman (D:7)
  2 orc priests
  Crazy Yiuf (D:3)
  Ijyb (D:3)
  6 hounds
  Natasha (thrice) (D:4)
  Terence (D:2)
  7 iguanas
  4 orc wizards
  A hound zombie (D:5)
  A howler monkey zombie (D:11)
  8 adders
  33 gnolls
  A howler monkey skeleton (D:7)
  A shadow imp (D:6)
  A white imp (D:7)
  An ufetubus (D:5)
  3 worms
  3 dart slugs
  22 orcs
  3 bats
  10 endoplasms
  3 giant cockroaches
  12 goblins
  15 hobgoblins
  3 quokkas
  A ball python (D:2)
  2 frilled lizards (D:1)
  44 kobolds
  5 rats
266 creatures vanquished.

Vanquished Creatures (others)
  A bullfrog (D:8)
  18 fungi
  14 plants (D:10)
33 creatures vanquished.

Grand Total: 299 creatures vanquished

Notes
Turn   | Place    | Note
-------+----------+-------------------------------------------
     0 | D:1      | belegose the Ghoul Brigand began the quest for the Orb.
     0 | D:1      | Reached XP level 1. HP: 17/17 MP: 0/0
    77 | D:1      | Reached skill level 1 in Dodging
   313 | D:1      | Reached XP level 2. HP: 25/25 MP: 1/1
   333 | D:1      | Found a faded altar of an unknown god.
   669 | D:1      | Reached XP level 3. HP: 30/30 MP: 2/2
  1743 | D:2      | Reached XP level 4. HP: 12/37 MP: 3/3
  2238 | D:2      | Noticed Sigmund
  2246 | D:2      | Killed Sigmund
  2247 | D:2      | Reached skill level 5 in Stealth
  2247 | D:2      | Reached XP level 5. HP: 22/45 MP: 4/4
  2247 | D:2      | Reached XP level 6. HP: 25/51 MP: 5/5
  2441 | D:2      | Noticed Terence
  2451 | D:2      | Killed Terence
  3097 | D:3      | Found an ornate altar of the Wu Jian Council.
  3626 | D:3      | Noticed Ijyb
  4197 | D:3      | Killed Ijyb
  4535 | D:3      | Found a runed translucent door.
  4536 | D:3      | Noticed Crazy Yiuf
  4581 | D:3      | Killed Crazy Yiuf
  4978 | D:3      | Became a worshipper of the Wu Jian Council
  5031 | D:4      | Noticed a necrophage
  5034 | D:4      | Killed a necrophage
  5035 | D:4      | Reached XP level 7. HP: 59/59 MP: 2/6
  5344 | D:4      | Found a basalt altar of Yredelemnul.
  5848 | D:4      | Noticed Natasha
  5889 | D:4      | Killed Natasha
  5890 | D:4      | Reached skill level 6 in Stealth
  6160 | D:4      | Noticed Natasha
  6180 | D:4      | Killed Natasha
  6389 | D:4      | Noticed Natasha
  6779 | D:4      | Killed Natasha
  6780 | D:4      | Reached skill level 1 in Armour
  7009 | D:5      | Entered Level 5 of the Dungeon
  7455 | D:5      | Reached * piety under Wu Jian
  7642 | D:5      | Reached XP level 8. HP: 46/67 MP: 2/7
  7765 | D:5      | Found a runed translucent door.
  7787 | D:5      | Noticed pkoi's ghost (novice DrGl)
  7866 | D:5      | Found a stormy altar of Qazlal.
  7879 | D:5      | Found a staircase to the Ecumenical Temple.
  7911 | Temple   | Entered the Ecumenical Temple
  8230 | D:5      | Found Kapus's General Store.
  8655 | D:5      | Reached skill level 5 in Fighting
  9269 | D:6      | Reached skill level 7 in Stealth
  9282 | D:6      | Found the +4 skin of Zhor {*Englaciate rC+++ SInv}
  9601 | D:6      | Noticed Duvessa
  9606 | D:6      | Noticed Dowan
  9654 | D:6      | Killed Duvessa
  9672 | D:6      | Killed Dowan
 10023 | D:7      | Reached XP level 9. HP: 75/75 MP: 8/8
 10089 | D:7      | Reached ** piety under Wu Jian
 10129 | D:7      | Found a broken altar of Ashenzari.
 10172 | D:7      | Reached skill level 5 in Short Blades
 10172 | D:7      | Reached skill level 5 in Throwing
 10228 | D:7      | Reached skill level 1 in Evocations
 10390 | D:7      | Found Hafi's Antique Weapon Shop.
 10393 | D:7      | Bought a jewelled rapier for 171 gold pieces
 10393 | D:7      | Identified the +9 rapier of the Realm of Zot {speed, rF+
                  | Dex+2} (You bought it in a shop on level 7 of the Dungeon)
 10571 | D:7      | You fall into a shaft and drop 1 floor!
 10580 | D:8      | Noticed Psyche
 10584 | D:8      | Noticed Pikel
 10604 | D:8      | Killed Psyche
 10606 | D:8      | Killed Pikel
 10607 | D:8      | Reached skill level 8 in Stealth
 10772 | D:8      | Found a hide-covered altar of Uskayaw.
 10894 | D:8      | Reached XP level 10. HP: 67/84 MP: 9/9
 10941 | D:8      | Noticed Joseph
 10964 | D:8      | Noticed Maurice
 10989 | D:8      | Killed Maurice
 11115 | D:7      | Found an iron altar of Okawaru.
 11180 | D:7      | Noticed Maggie
 11186 | D:7      | Killed Maggie
 11270 | D:7      | Reached *** piety under Wu Jian
 11445 | D:7      | Paralysed by a gnoll for 7 turns
 11848 | D:8      | Killed Joseph
 11849 | D:8      | Reached skill level 9 in Stealth
 12148 | D:8      | Found a hazy altar of Hepliaklqana.
 12469 | D:9      | Reached skill level 5 in Dodging
 12846 | D:9      | Identified the +0 ring mail of the Rose {SInv Stlth+}
 12874 | D:9      | Identified the +2 chain mail of Toinos {Str+6 Dex+2 SInv}
 13330 | D:10     | Entered Level 10 of the Dungeon
 13567 | D:10     | Reached skill level 1 in Shields
 13567 | D:10     | Reached XP level 11. HP: 86/94 MP: 10/10
 13857 | D:10     | Found a shimmering blue altar of Sif Muna.
 14001 | D:10     | Found a sparkling altar of Nemelex Xobeh.
 14001 | D:10     | Noticed a two-headed ogre
 14008 | D:10     | Found a shadowy altar of Dithmenos.
 14056 | D:10     | Killed a two-headed ogre
 14295 | D:10     | Noticed a boulder beetle
 14321 | D:10     | Killed a boulder beetle
 14507 | D:10     | Found a staircase to the Lair.
 14933 | D:11     | Found a flagged portal.
 14934 | D:11     | Noticed a cyclops
 14938 | D:11     | Killed a cyclops
 14952 | Bailey   | Entered a bailey
 15020 | Bailey   | Reached **** piety under Wu Jian
 15057 | Bailey   | Noticed an orc knight
 15218 | Bailey   | Mangled by an orc knight

Illustrated notes

Levels and vault maps discovered:
D:1:      eino_arrival_water_cross, layout_basic,
          dreamdust_ecumenical_altar_angels_and_demons
D:2:      layout_basic, serial_aquarium, aquarium_bridge_island_small
          [aquarium_subvault_small_water, aquarium_subvault_balcony,
          aquarium_subvault_wall, aquarium_subvault_bridge,
          aquarium_subvault_window], aquarium_window_2, aquarium_window_fake,
          aquarium_window_corridor_1, aquarium_window_1, aquarium_view_2e,
          aquarium_pool_side, uniq_terence, uniq_sigmund
D:3:      layout_basic, nicolae_wu_jian_wuxing_cycle, uniq_ijyb,
          uniq_crazy_yiuf_cottage
D:4:      wander_river, layout_basic, yredelemnul_altar_generic,
          serial_aquarium, aquarium_bridge_long_separate
          [aquarium_subvault_bridge, aquarium_subvault_bridge,
          aquarium_subvault_wall, aquarium_subvault_window,
          aquarium_subvault_window, aquarium_subvault_bridge],
          aquarium_bridge_straight [aquarium_subvault_bridge,
          aquarium_subvault_balcony, aquarium_subvault_bridge,
          aquarium_subvault_wall], aquarium_window_1, aquarium_window_fake,
          aquarium_view_2a, aquarium_balcony_1a, aquarium_pool_double,
          amethyst_killhole, uniq_natasha
D:5:      layout_basic, kennysheep_mini, minmay_temple_entry_junction,
          ebering_ghost_sewer_d, serial_rivers, chequers_serial_rivers_micro_a,
          chequers_serial_rivers_large_a, chequers_serial_rivers_large_b,
          chequers_serial_rivers_small_3, chequers_serial_rivers_room_b,
          chequers_serial_rivers_small_a, serial_shops, nicolae_shop_stone
D:6:      layout_loops_ring, lemuel_doored_altar, kennysheep_small_circle,
          uniq_duvessa
D:7:      layout_rooms, mainiacjoe_overflow_boulevard,
          mainiacjoe_overflow_alcove_1, serial_shops, nicolae_shop_behind_doors,
          grunt_potential, uniq_maggie
D:8:      layout_basic, nicolae_hepliaklqana_hippocampus,
          nicolae_uskayaw_dance_studio, uniq_pikel, uniq_joseph, uniq_maurice,
          uniq_psyche
D:9:      layout_stronghold, serial_glass, glass_columns_c, glass_columns_a,
          glass_columns_b, glass_columns_c
D:10:     layout_stronghold, tgw_sif, jmf_multi_god_temple,
          grunt_lair_entry_orc_guard_hut
D:11:     layout_basic, orc_0_dummy, enter_bailey_6
Temple:   minmay_temple_curvy_loop
Bailey:   bailey_axe_2, bailey

Skill      XL: |  1  2  3  4  5  6  7  8  9 10 11 |
---------------+----------------------------------+-----
Dodging        | 1 2 4 5 |  5.8
Short Blades   | 2 3 4 5 6 |  6.9
Throwing       | 2 3 4 5 6 |  6.6
Fighting       | 3 4 5 6 7 8 |  8.3
Stealth        | 5 6 7 8 9 |  9.8
Armour         | 1 3 |  3.0
Evocations     | 2 4 |  4.8
Shields        | 1 4 |  4.0

Action                   |  1- 3 |  4- 6 |  7- 9 | 10-12 || total
-------------------------+-------+-------+-------+-------++-------
Melee: Dagger            |   114 |    90 |   526 |       ||   730
       Falchion          |       |    10 |       |       ||    10
       Quarterstaff      |       |       |     9 |       ||     9
       Rapier            |       |       |   146 |   316 ||   462
Throw: Dart              |       |    28 |    21 |    24 ||    73
       Stone             |       |     4 |     1 |       ||     5
Invok: Lunge             |       |     1 |    32 |    48 ||    81
       Whirlwind         |       |       |    49 |    19 ||    68
       Serpent's Lash    |       |       |       |     1 ||     1
Evoke: Wand              |       |       |       |     4 ||     4
  Use: Scroll            |       |     4 |     9 |       ||    13
       Potion            |       |     3 |     1 |       ||     4
 Stab: Sleeping          |    13 |    12 |    14 |    12 ||    51
       Distracted        |       |       |       |     3 ||     3
Armor: Robe              |    20 |    16 |       |       ||    36
       Leather armour    |       |       |    91 |       ||    91
       Animal skin       |       |       |    36 |    16 ||    52
       Troll leather arm |       |       |       |     3 ||     3
Dodge: Dodged            |    65 |    70 |   369 |   126 ||   630
Block: Buckler           |       |       |       |    19 ||    19
       Rpst.: Falchion   |       |     3 |       |       ||     3
